 Dungeon Crawl Stone Soup version 0.27-a0-379-g34d631faf5 (webtiles) character file.

Game seed: 8257111699466654513

3 Chiseanne the Conjurer (level 1, -2/13 HPs)
             Began as a Demonspawn Wanderer on Feb 17, 2021.
             Slain by a kobold
             ... wielding a +0 whip
              (4 damage)
             ... on level 1 of the Dungeon.
             The game lasted 00:00:30 (228 turns).

Chiseanne the Conjurer (Demonspawn Wanderer)         Turns: 228, Time: 00:00:31

Health: -2/13      AC:  5    Str: 11    XL:     1   Next: 41%
Magic:  1/1        EV: 11    Int: 14    God:
Gold:   0          SH:  0    Dex: 12    Spells: 0/0 levels left

rFire    . . .     SeeInvis .   a - +0 dagger
rCold    . . .     Faith    .   (no shield)
rNeg     . . .     Spirit   .   c - +2 leather armour
rPois    .         Reflect  .   (no helmet)
rElec    .         Harm     .   (no cloak)
rCorr    .         Rampage  .   (no gloves)
Will     .....                  (no boots)
Stlth    +.........             (no amulet)
HPRegen  0.04/turn              (no ring)
MPRegen  0.07/turn              (no ring)

@: no status effects
A: no striking features
a: no special abilities


You were on level 1 of the Dungeon.
You visited 1 branch of the dungeon, and saw 1 of its levels.

Inventory:

Hand Weapons
 a - a +0 dagger (weapon)
Armour
 c - a +2 leather armour (worn)
Scrolls
 d - a scroll of teleportation {unknown}
Potions
 b - a potion of curing {unknown}


   Skills:
 * Level 0.2 Fighting
 - Level 1.7 Polearms
 - Level 1.0 Throwing
 * Level 0.1 Armour
 * Level 1.8 Dodging
 - Level 1.0 Stealth
 * Level 0.1 Spellcasting
 - Level 2.0 Conjurations
 * Level 1.1 Poison Magic
 - Level 1.0 Evocations


You couldn't memorise any spells.
You knew the following spells:

 Your Spells              Type           Power        Failure   Level
a - Magic Dart            Conj           20%          17%         1

Your spell library contained the following spells:

 Spells                   Type           Power        Failure   Level
 Mephitic Cloud           Conj/Pois/Air  3%           58%         3


Dungeon Overview and Level Annotations

Branches:
Dungeon (1/15)

Altars:


Message History

You are too injured to fight recklessly!
You are too injured to fight recklessly!
You are too injured to fight recklessly!
You are too injured to fight recklessly!
You are too injured to fight recklessly!
You are too injured to fight recklessly!
You are too injured to fight recklessly!
You are too injured to fight recklessly!
You hit the jackal but do no damage.
The jackal bites you but does no damage. x2
The jackal closely misses you.
You hit the jackal.
The jackal is almost dead.
The jackal misses you. The jackal barely misses you. The jackal bites you.
You closely miss the jackal.
The jackal is almost dead.
The jackal bites you but does no damage.
The jackal closely misses you. The kobold hits you with a +0 whip.
You closely miss the jackal.
The jackal is almost dead.
The jackal bites you but does no damage.
The jackal closely misses you. The kobold hits you with a +0 whip.
* * * LOW HITPOINT WARNING * * *
The jackal closely misses you.
The jackal bites you but does no damage.
You miss the jackal.
The jackal is almost dead.
The jackal bites you but does no damage.
The jackal bites you.
* * * LOW HITPOINT WARNING * * *
The kobold barely misses you.
You miss the jackal.
The jackal is almost dead.
The jackal closely misses you. The jackal barely misses you.
The kobold misses you. The jackal barely misses you.
You hit the jackal.
You kill the jackal!
The jackal bites you but does no damage.
The kobold hits you with a +0 whip.
You die...

######...#...######..
....................#
......##............
#.....##.###########
.###......# ##.....#
##.....# ###......#
#h@......# #K#####.##
... .# ...## .# #..##
.( .


You could see a jackal and a kobold.

Vanquished Creatures
  A goblin (D:1)
  A jackal (D:1)
  3 rats (D:1)
5 creatures vanquished.

Notes
Turn   | Place    | Note
-------+----------+-------------------------------------------
     0 | D:1      | Chiseanne the Demonspawn Wanderer began the quest for the
                  | Orb.
     0 | D:1      | Chiseanne set off with the following items: a +0 dagger, a
                  | +2 leather armour; and the following spell memorised: Magic
                  | Dart; and the following spells available to memorise:
                  | Mephitic Cloud
     0 | D:1      | Reached XP level 1. HP: 13/13 MP: 1/1
   228 | D:1      | Slain by a kobold

Illustrated notes

Levels and vault maps discovered:
D:1:      scummos_arrival_forest, layout_rooms

Action                   || total
-------------------------++-------
Melee: Dagger            ||    23
Armor: Leather armour    ||    13
Dodge: Dodged            ||    18

Table legend: (Time is in decaauts)
 A = Elapsed time spent in this place.
 B = Non-inter-level travel time spent in this place.
 C = Inter-level travel time spent in this place.
 D = Time resting spent in this place.
 E = Time spent auto-exploring this place.
 F = Levels seen in this place.
 G = Mean time per level.
                   A        B        C        D        E       F      G
               +--------+--------+--------+--------+--------+-----+--------+
         Total |    228 |    228 |      0 |    137 |     56 |   1 |  228.0 |
       Dungeon |    228 |    228 |      0 |    137 |     56 |   1 |  228.0 |
               +--------+--------+--------+--------+--------+-----+--------+

Top non-repeatable levels by time:
     D:1: 228 daAuts
